AoeStats
← rockstar_vb

Arena

510035473Analyzed
3v3 RM · 3d ago on Sep 29, 2026· 41m 24s· 6 players
Game mode
Random Map
Map size
Normal (6 player)
Population
200
Speed
Normal
Resources
Standard
Victory
Conquest
Starting age
Dark Age
Ending age
Imperial Age
RankedLock teamsTeams togetherTeam positionsShared explorationLock speedFull tech treeHidden civsTurbo modeCheats
Victory
Defeat
🇦🇷 Celts · Argentina
940
+18
🇺🇸 Turks · United States
932
+19
🇻🇪 Huns · Venezuela
926
+19
🇹🇼 Bohemians · Taiwan
1050
-21
🇮🇩 Japanese · Indonesia
988
-19
🇨🇳 Britons · China
925
-16
QAZWSX
1:41 Loom
11:15 Feudal Age
15:30 Castle Age
13:55 Double-Bit Axe
14:37 Town Watch
16:22 Fletching
20:26 Bodkin Arrow
34:07 Horse Collar
38:20 Imperial Age
2579439892
11:47 Feudal Age
12:26 Double-Bit Axe
12:25 Horse Collar
20:26 Castle Age
33:06 Imperial Age
30:53 Gold Mining
32:25 Gold Shaft Mining
34:13 Bow Saw
36:48 Two-Man Saw
35:20 Elite Longbowman
36:23 Conscription
37:40 Wheelbarrow
37:14 Heavy Plow
37:31 Padded Archer Armor
37:24 Fletching
38:40 Conscription
41:29 Leather Archer Armor
DekaJe
0:36 Loom
10:40 Feudal Age
14:41 Castle Age
13:12 Double-Bit Axe
16:22 Horse Collar
25:10 Fletching
25:22 Scale Mail Armor
25:47 Bodkin Arrow
26:17 Man-at-Arms
30:57 Guard Tower
33:30 Crossbowman
35:35 Murder Holes
35:52 Masonry
36:04 Ballistics
37:23 Elite Skirmisher
39:39 Yasama
Dryzar
9:00 Feudal Age
9:48 Double-Bit Axe
9:53 Horse Collar
16:28 Castle Age
14:54 Stone Mining
15:21 Gold Mining
16:31 Wheelbarrow
16:46 Wheelbarrow
17:36 Bow Saw
18:10 Loom
19:55 Bow Saw
21:55 Fletching
26:31 Hand Cart
27:28 Town Watch
30:32 Imperial Age
29:46 Forging
29:36 Scale Mail Armor
29:00 Pikeman
29:42 Squires
30:14 Heavy Plow
31:02 Halberdier
33:08 Iron Casting
32:49 Chain Mail Armor
33:58 Two-Man Saw
32:58 Capped Ram
36:00 Blast Furnace
34:36 Siege Ram
35:31 Arson
36:20 Conscription
rockstar_vb
13:03 Feudal Age
17:52 Castle Age
25:11 Bloodlines
33:18 Imperial Age
34:31 Double-Bit Axe
34:31 Horse Collar
37:04 Heavy Plow
40:21 Wheelbarrow
Erickinio
14:12 Feudal Age
12:52 Loom
14:42 Double-Bit Axe
14:41 Man-at-Arms
19:20 Arson
22:41 Wheelbarrow
22:08 Horse Collar
23:17 Gold Mining
24:36 Forging
25:29 Scale Mail Armor
27:31 Castle Age
25:57 Stone Mining
27:48 Pikeman
28:15 Gambesons
29:07 Iron Casting
27:54 Long Swordsman
36:47 Bow Saw
36:56 Hand Cart
38:05 Town Watch
39:30 Chain Mail Armor
39:13 Murder Holes
39:29 Masonry
41:38 Heavy Plow
42:16 Stone Shaft Mining
42:16 Gold Shaft Mining
41:55 Town Patrol
Connection lost

Rejoining the realm…

Still unreachable

The connection could not be restored.

Session expired

The server has moved on; the page needs a fresh start.